 Dungeon Crawl Stone Soup version 0.31-a0-1620-gcbf77bbcfc (webtiles) character file.

Game seed: 11573990484480773179

40 Newt the Trooper (level 3, -7/30 HPs)
             Began as a Demonspawn Gladiator on Jan 11, 2024.
             Mangled by a gnoll
             ... wielding a +0 halberd
              (10 damage)
             ... on level 2 of the Dungeon.
             The game lasted 00:00:50 (778 turns).

Newt the Trooper (Demonspawn Gladiator)              Turns: 778, Time: 00:00:50

Health: -7/30      AC:  3    Str: 16    XL:     3   Next: 30%
Magic:  3/3        EV: 12    Int:  8    God:
Gold:   70         SH:  0    Dex: 14    Spells: 2/2 levels left

rFire   . . .        a - +0 rapier
rCold   . . .        (no shield)
rNeg    . . .        b - +0 leather armour
rPois   .            (helmet restricted)
rElec   .            (no cloak)
rCorr   .            (no gloves)
SInv    .            (no boots)
Will    .....        (no amulet)
Stlth   +            (no ring)
HPRegen 0.25/turn    (no ring)
MPRegen 0.08/turn

%: no passive effects
@: no status effects
A: antennae 1, demonic magic 1
a: no special abilities


You were on level 2 of the Dungeon.
You visited 1 branch of the dungeon, and saw 2 of its levels.

You collected 70 gold pieces.

Inventory:

Hand Weapons
 a - a +0 rapier (weapon)
Armour
 b - a +0 leather armour (worn)
 c - a +0 helmet
Scrolls
 f - a scroll of identify {unknown}
 g - a scroll of enchant armour {unknown}


   Skills:
 + Level 3.8 Fighting
 - Level 2.6 Short Blades
 - Level 1.7 Throwing
 - Level 2.6 Dodging


You had 2 spell levels left.
You didn't know any spells.
Your spell library contained the following spells:

 Spells                   Type           Power      Damage    Failure   Level
 Sandblast                Erth           0%         2d4       47%         1
 Passwall                 Erth           0%         N/A       85%         3
 Stone Arrow              Conj/Erth      0%         3d7       85%         3
 Brom's Barrelling Bould  Conj/Erth      0%         2d3       99%         4


Dungeon Overview and Level Annotations

Branches:
Dungeon (2/15)

Altars:


Innate Abilities, Weirdness & Mutations

You have a pair of small antennae on your head.
Spells you cast may paralyse adjacent enemies.


Message History

The throwing net barely misses the gnoll.
The throwing net barely misses the gnoll.
The throwing net hits the gnoll.
The gnoll is caught in the net!
The gnoll is heavily wounded.
The gnoll struggles against the net.
Throw: throwing net
Press: ? - help, Q - select action Shift-Dir - straight line, f/p - gnoll
Aim: a gnoll, wielding a +0 whip (heavily wounded, entangled in a net, 93% to hit)
You throw a throwing net.
The throwing net barely misses the gnoll.
The throwing net barely misses the gnoll.
The throwing net hits the gnoll.
The gnoll is heavily wounded.
The gnoll closely misses you. The gnoll misses you.
You barely miss the gnoll.
The gnoll is heavily wounded.
The gnoll struggles against the net.
The gnoll closely misses you. The gnoll barely misses you.
You closely miss the gnoll.
The gnoll is heavily wounded.
The gnoll struggles against the net.
The gnoll barely misses you.
The gnoll hits you from afar with a +0 halberd!
* * * LOW HITPOINT WARNING * * *
You hit the gnoll.
The gnoll is severely wounded.
The gnoll struggles against the net.
The gnoll barely misses you. The gnoll closely misses you.
The gnoll struggles against the net.
You hit the gnoll but do no damage.
The gnoll is severely wounded.
The gnoll closely misses you. x2; The gnoll struggles against the net.
The net rips apart, and the gnoll comes free!
The gnoll closely misses you.
You hit the gnoll.
The gnoll is almost dead.
The gnoll closely misses you. x2
You hit the gnoll but do no damage.
The gnoll is almost dead.
The gnoll hits you from afar with a +0 halberd!
You die...

.............#.# #.#
.#######....#.#.#.# #.#
.....ggS....#.#.#.####.#
.......g....#.#.#......#
........#####(#.########
........# #g#.#
........# #g#.#
........# #g#.#
........# #@# ........#
#.# $.......# #.#
........# #.# ... ...
... .$...


You could see 3 gnolls.

Vanquished Creatures
  An adder (D:2)
  3 dart slugs (D:1)
  3 ball pythons
  4 endoplasms
  A giant cockroach (D:1)
  4 goblins (D:1)
  A hobgoblin (D:1)
  3 kobolds (D:1)
  A quokka (D:2)
  A rat (D:1)
22 creatures vanquished.

Notes
Turn   | Place    | Note
-------+----------+-------------------------------------------
     0 | D:1      | Newt the Demonspawn Gladiator began the quest for the Orb.
     0 | D:1      | Reached XP level 1. HP: 16/16 MP: 1/1
    77 | D:1      | Gained mutation: You have a pair of small antennae on your
                  | head. [demonic ancestry]
    77 | D:1      | Reached XP level 2. HP: 23/23 MP: 2/2
   251 | D:1      | Reached skill level 3 in Fighting
   716 | D:2      | Gained mutation: Spells you cast may paralyse adjacent
                  | enemies. [demonic ancestry]
   716 | D:2      | Reached XP level 3. HP: 29/29 MP: 3/3
   778 | D:2      | Mangled by a gnoll

Illustrated notes

Levels and vault maps discovered:
D:1:      dpeg_arrival_pits, layout_loops_ring, feat_on_display
D:2:      layout_basic, serial_shops, nicolae_shop_stone

Skill      XL: |  1  2 |
---------------+-------+-----
Fighting       | 3 |  3.8
Short Blades   | |  2.6
Throwing       | |  1.7
Dodging        | |  2.6

Action                     || total
---------------------------++-------
  Melee: Rapier            ||    80
         Punch             ||     1
  Throw: Throwing net      ||     3
         Javelin           ||     1
   Stab: Sleeping          ||     4
 Armour: Leather armour    ||    37
  Dodge: Dodged            ||    40

Table legend: (Time is in decaauts)
 A = Elapsed time spent in this place.
 B = Non-inter-level travel time spent in this place.
 C = Inter-level travel time spent in this place.
 D = Time resting spent in this place.
 E = Time spent auto-exploring this place.
 F = Levels seen in this place.
 G = Mean time per level.
                   A        B        C        D        E       F      G
               +--------+--------+--------+--------+--------+-----+--------+
         Total |    783 |    763 |     20 |      0 |    600 |   2 |  391.5 |
       Dungeon |    783 |    763 |     20 |      0 |    600 |   2 |  391.5 |
               +--------+--------+--------+--------+--------+-----+--------+

Top non-repeatable levels by time:
     D:1: 718 daAuts
     D:2: 64 daAuts
